 Dungeon Crawl Stone Soup version 0.30.0-19-g36f170ea60 (webtiles) character file.

Game seed: 9866117576085986946

86 Irreverend the Conjurer (level 4, 0/24 HPs)
             Began as a Deep Elf Conjurer on May 30, 2023.
             Killed from afar by an orc wizard (10 damage)
             ... with a magic dart
             ... on level 3 of the Dungeon.
             The game lasted 00:03:47 (2050 turns).

Irreverend the Conjurer (Deep Elf Conjurer)         Turns: 2050, Time: 00:03:47

Health: 0/24       AC:  2    Str:  4    XL:     4   Next: 27%
Magic:  7/12       EV: 28    Int: 25    God:
Gold:   120        SH:  0    Dex: 13    Spells: 4/11 levels left

rFire   . . .        (no weapon)
rCold   . . .        (no shield)
rNeg    . . .        a - +0 robe
rPois   .            (no helmet)
rElec   .            (no cloak)
rCorr   .            (no gloves)
SInv    .            (no boots)
Will    .....        k - amulet of the acrobat
Stlth   ++           (no ring)
HPRegen 0.24/turn    (no ring)
MPRegen 0.13/turn

%: acrobat
@: acrobatic
A: no striking features
a: no special abilities


You were on level 3 of the Dungeon.
You visited 1 branch of the dungeon, and saw 3 of its levels.

You collected 120 gold pieces.

Inventory:

Armour
 a - a +0 robe (worn)
Jewellery
 k - an amulet of the acrobat (around neck)
Scrolls
 c - a scroll of identify {unknown}
 d - 2 scrolls of poison {unknown}
 f - a scroll of amnesia {unknown}
 g - a scroll of teleportation {unknown}
 h - a scroll of enchant weapon {unknown}
 i - a scroll of blinking {unknown}
 j - a scroll of vulnerability {unknown}
 l - a scroll of noise {unknown}
 n - a scroll of butterflies {unknown}
Potions
 b - a potion of haste {unknown}
 e - 2 potions of curing
 m - a potion of invisibility {unknown}


   Skills:
 + Level 3.4 Dodging
 - Level 2.4 Stealth
 + Level 4.0 Spellcasting
 * Level 5.4 Conjurations
 + Level 0.3 Hexes


You had 4 spell levels left.
You knew the following spells:

 Your Spells              Type           Power      Damage    Failure   Level
a - Magic Dart            Conj           100%       1d8       1%          1
b - Searing Ray           Conj           64%        2d6       1%          2
c - Fulminant Prism       Conj/Hex       9%         3d7       26%         4

Your spell library contained the following spells:

 Spells                   Type           Power      Damage    Failure   Level
 Dazzling Flash           Conj/Hex       38%        N/A       9%          3
 Lesser Beckoning         Tloc           10%        N/A       14%         2
 Gell's Gravitas          Tloc           5%         N/A       26%         3
 Teleport Other           Tloc           5%         N/A       26%         3
 Iskenderun's Mystic Bla  Conj/Tloc      18%        2d6       28%         4


Dungeon Overview and Level Annotations

Branches:
Dungeon (3/15)

Altars:
Fedhas

Shops:
D:1 =


Message History

A goblin comes into view. It is wielding a +0 club.
Something hits you but does no damage.
The goblin shouts!
You barely miss the goblin. The goblin hits you with a +0 club.
Something completely misses you.
You're too confused to move!
You feel less confused.
You hear some strange, mumbled words.
Something tries to affect you, but you resist.
The goblin closely misses you.
You closely miss the goblin.
The orc priest begins to cast a cantrip, but forgets the words!
The goblin hits you with a +0 club. Something hits you.
Casting: Searing Ray (safe; 1% risk of failure)
Confirm with . or Enter, or press ? or * to list all spells.
Aiming: Searing Ray (safe; 1% risk of failure)
Press: ? - help, Shift-Dir - straight line, f - goblin, p - orc priest
Aim: a goblin, wielding a +0 dagger (heavily wounded, 76% to hit)
The searing ray hits the orc priest!
The orc priest is severely wounded.
The searing ray hits the adder.
The adder is heavily wounded.
The searing ray hits the goblin!
You kill the goblin! (Press . to maintain the ray.)
The goblin barely misses you.
You hear some strange, mumbled words.
A magic dart appears from out of thin air!
The magic dart hits you.
The searing ray hits something.
The searing ray hits the orc priest.
The orc priest is severely wounded.
The searing ray hits the adder.
The adder is severely wounded.
The searing ray hits the orc!
You kill the orc!
The goblin hits you but does no damage.
You hear some strange, mumbled words.
A magic dart appears from out of thin air!
The magic dart hits you!
You die...

###########
#.g@{oS)<>#
#)#######.#
# #.# ...
..o## ##og.
.#o# ....
#.#o#


You could see an orc priest, an adder and a goblin.

Vanquished Creatures
  Terence (D:2)
  4 dart slugs
  An orc (D:3)
  9 bats
  3 endoplasms
  A giant cockroach (D:2)
  7 goblins
  5 hobgoblins
  3 jackals (D:2)
  3 quokkas
  3 ball pythons
  2 frilled lizards
  4 kobolds
  4 rats
50 creatures vanquished.

Notes
Turn   | Place    | Note
-------+----------+-------------------------------------------
     0 | D:1      | Irreverend the Deep Elf Conjurer began the quest for the
                  | Orb.
     0 | D:1      | Reached XP level 1. HP: 10/10 MP: 6/6
    95 | D:1      | Found a faded altar of an unknown god.
   156 | D:1      | Reached XP level 2. HP: 15/15 MP: 0/8
   159 | D:1      | Learned a level 2 spell: Searing Ray
   488 | D:1      | Reached skill level 5 in Conjurations
   580 | D:1      | Found Qiaguil's Jewellery Boutique.
   590 | D:1      | Reached XP level 3. HP: 19/19 MP: 7/10
  1096 | D:2      | Found a blossoming altar of Fedhas.
  1424 | D:2      | Noticed Terence
  1446 | D:2      | Killed Terence
  1447 | D:2      | Reached XP level 4. HP: 7/24 MP: 6/11
  1522 | D:2      | Learned a level 4 spell: Fulminant Prism
  2050 | D:3      | Killed from afar by an orc wizard

Illustrated notes

Levels and vault maps discovered:
D:1:      dpeg_arrival_arbitrary_b, layout_basic,
          shapermc_ecumenical_altar_mp_urbaneastern, serial_shops,
          nicolae_shop_gaudy_bauble
D:2:      layout_rooms, basic_altar, uniq_terence
D:3:      layout_loops_ring, portal_sewer_entry_f, serial_shops,
          nicolae_shop_real_fake_doors

Skill      XL: |  1  2  3  4 |
---------------+-------------+-----
Dodging        | 3 |  3.4
Conjurations   | 5 |  5.4
Spellcasting   | 4 |  4.0
Stealth        | |  2.4
Hexes          | |  0.3

Action                     |  1- 3 |  4- 6 || total
---------------------------+-------+-------++-------
  Melee: Unarmed           |       |     2 ||     2
   Cast: Magic Dart        |    22 |     5 ||    27
         Searing Ray       |    24 |     6 ||    30
    Use: Potion            |     1 |     1 ||     2
 Armour: Robe              |    11 |     2 ||    13
  Dodge: Dodged            |    29 |     4 ||    33
